Cogmind - Beta 15 @@@ ROGUE MODE // 2025.05.13 @ 15:42:03 Player: Sunvar Result: Destroyed by 71-3V9(R) with Subdweller Machine Gun Performance ------------- Evolutions (0) 0 Regions Visited (2) 400 Robots Destroyed (24) 120 Value Destroyed (514) 514 Prototype IDs (11) 220 Alien Tech Used (0) 0 Bonus (0) 0 TOTAL SCORE: 1254 Bonus ------- None Cogmind --------- Core Integrity 0/250 Matter 285/300 Energy 237/250 System Corruption 0% Temperature Cool (0) Movement Treading (260) Ox1 Location -10/Subcaves Parts ------- > --- POWER (1) -------- Ion Engine > --- PROPULSION (2) --- Spiked Treads Wheel > --- UTILITY (2) ------ Large Storage Unit Light Armor Plating > --- WEAPON (2) ------- Battle Cannon Ripper > --- INVENTORY (15) --- Subdweller Power Source Subdweller Power Source Cargo Legs Subdweller Monowheel Subdweller Monowheel Subdweller Optics Subdweller Optics Seismic Detector Subdweller Laser Makeshift Laser Light Assault Rifle Subdweller Machine Gun Grenade Launcher Grenade Launcher Peak State ------------ > --- POWER ------------ Ion Engine > --- PROPULSION ------- Spiked Treads Wheel > --- UTILITY ---------- Large Storage Unit Light Armor Plating > --- WEAPON ----------- Battle Cannon Ripper > --- INVENTORY -------- Subdweller Power Source Subdweller Power Source Cargo Legs Subdweller Monowheel Subdweller Monowheel Subdweller Optics Subdweller Optics Seismic Detector Subdweller Laser Makeshift Laser Light Assault Rifle Subdweller Machine Gun Grenade Launcher Grenade Launcher [Rating: 16] Favorites ----------- Power Ion Engine Engine Ion Engine Propulsion Light Treads Treads Light Treads Wheel Wheel Utility Large Storage Unit Device Seismic Detector Storage Large Storage Unit Protection Light Armor Plating Weapon Light Assault Rifle Energy Gun Medium Laser Energy Cannon Beam Cannon Ballistic Gun Light Assault Rifle Ballistic Cannon Battle Cannon Launcher Grenade Launcher Slashing Weapon Ripper Build | -11 -10 -10 ------- Run | Yrd Mat Sub Slots Evolved . | . . . Power . | . . . Propulsion . | . . . Utility . | . . . Weapon . | . . . Parts Attached 27 | 8 4 15 Power 3 | 1 1 1 Engine 3 | 1 1 1 Core . | . . . Reactor . | . . . Propulsion 7 | 2 . 5 Treads 4 | 1 . 3 Leg . | . . . Wheel 3 | 1 . 2 Hover . | . . . Flight . | . . . Utility 8 | 2 2 4 Device 2 | 1 1 . Storage 2 | 1 1 . Processor . | . . . Hackware . | . . . Protection 4 | . . 4 Artifact . | . . . Weapon 9 | 3 1 5 Energy Gun 1 | 1 . . Energy Cannon 1 | . . 1 Ballistic Gun 3 | 2 . 1 Ballistic Cannon 1 | . . 1 Launcher 2 | . 1 1 Special Weapon . | . . . Impact Weapon . | . . . Slashing Weapon 1 | . . 1 Piercing Weapon . | . . . Special Melee Weapon . | . . . Unidentified Prototypes . | . . . Parts Lost 8 | . 1 7 Power 1 | . . 1 Propulsion 3 | . . 3 Utility 3 | . 1 2 Weapon 1 | . . 1 Highest Loss Streak 3 | . 1 3 To Critical Strikes . | . . . Average Backups 10 | 3 8 14 Power 1 | 1 1 1 Propulsion 3 | 1 3 3 Utility 2 | . . 3 Weapon 4 | . 3 5 Tool/Special . | . . . Unused Backups 14 | . 4 10 Power 3 | . 1 2 Propulsion 5 | . 2 3 Utility 2 | . . 2 Weapon 4 | . 1 3 Tool/Special . | . . . Average Slot Usage (%) 99 | . 99 99 Engine 14 | . 14 14 Treads 15 | . 14 16 Wheel 12 | . 14 11 Device 7 | . 13 1 Storage 14 | . 14 14 Protection 6 | . . 12 Energy Gun 10 | . 13 7 Energy Cannon 2 | . . 5 Ballistic Gun 11 | . 14 10 Slashing Weapon 2 | . . 4 Peak Build Rating 16 | 7 8 16 Average Rating 8 | 5 7 10 On Entrance 5 | . 7 8 Naked Turns . | . . . Heaviest Build 34 | 14 27 34 Greatest Support 40 | 10 20 40 Greatest Overweight (x) 3 | 1 2 3 Average Overweight (x) 1 | . . 2 Largest Inventory Capacity 15 | 8 15 15 Average Capacity 11 | 7 8 15 Most Carried 15 | 8 15 15 Average Carried 11 | 4 8 14 Final Capacity 15 | 8 15 15 Final Carried 15 | 8 15 15 Class Distribution -------------------- 100% | Mutant Dominant Class ---------------- Mutant | -10/Materials Mutant | -10/Subcaves Resources | -11 -10 -10 ----------- Run | Yrd Mat Sub Matter Collected 673 | 206 204 263 Remotely . | . . . Salvage Created 714 | 74 348 292 Parts 46 | 11 21 14 Haulers Intercepted 1 | . 1 . Recyclers Shooed . | . . . Parts Field Recycled . | . . . Retrieved Matter . | . . . Parts Self-Destructed 11 | . . 11 Prevented . | . . . Kills | -11 -10 -10 ------- Run | Yrd Mat Sub Combat Hostiles Destroyed 16 | . 7 9 Guns 7 | . 4 3 Cannons 2 | . . 2 AOE 7 | . 3 4 Classes Destroyed 9 | 1 6 2 Worker 1 | . 1 . Tunneler 4 | 3 1 . Hauler 1 | . 1 . Recycler 1 | . 1 . Watcher 1 | . 1 . Swarmer 6 | . 3 3 Grunt 5 | . 4 1 Sentry 1 | . . 1 Subdweller 4 | . . 4 Best Kill Streak 5 | 2 5 3 Combat Bots Only 4 | . 4 3 Max Kills in Single Turn 3 | 1 2 3 Gunslinging . | . . . Exploded 3 | . 2 3 Melee . | . . . Uniques/NPCs Destroyed . | . . . Combat | -11 -10 -10 -------- Run | Yrd Mat Sub Hostile Shots Fired 102 | . 23 79 Missed 27 | . 5 22 Hits 75 | . 18 57 Projectile 75 | . 18 57 Critical Strikes 1 | . . 1 Damage Taken 1272 | . 239 1033 Core 265 | . 67 198 Absorbed by Shields . | . . . Core Remaining (%) 100 | 100 . . Volleys Fired 89 | 6 41 42 Largest 2 | 2 2 2 Hottest 80 | 70 70 80 Shots Fired 173 | 12 79 82 Gun 139 | 12 76 51 Cannon 29 | . . 29 Launcher 5 | . 3 2 Special . | . . . Kinetic 85 | 6 38 41 Thermal 83 | 6 38 39 Explosive 5 | . 3 2 Electromagnetic . | . . . Robot Hit Streak 24 | 4 11 24 Robot Miss Streak 4 | 1 4 4 Penetration Max . | . . . Secondary Targets . | . . . Shots Hit Robots 126 | 8 52 66 Core Hits 48 | 4 25 19 Critical Kills 2 | . 1 1 Critical Parts Destroyed . | . . . Critical Strikes 9 | . 7 2 Burn 7 | . 6 1 Destroy 2 | . 1 1 Melee Attacks 3 | . . 3 Impact . | . . . Slashing 3 | . . 3 Piercing . | . . . Sneak Attacks . | . . . Combat Hostiles . | . . . Follow-up Attacks . | . . . Damage Inflicted 1634 | 93 677 864 Guns 945 | 93 526 326 Cannons 378 | . . 378 Explosions 305 | . 145 160 Melee . | . . . Ramming 6 | . 6 . Kinetic 458 | 17 211 230 Thermal 865 | 76 315 474 Explosive 305 | . 145 160 Electromagnetic . | . . . Impact . | . . . Slashing . | . . . Piercing . | . . . Highest Corruption . | . . . Average Corruption . | . . . Corruption Purged . | . . . Corruption Blocked . | . . . Overload Shots . | . . . Overflow Damage 1 | . 1 . Projectiles . | . . . Explosions 1 | . 1 . Melee . | . . . Knockbacks 1 | . . 1 Impact . | . . . Kinetic 1 | . . 1 Secondary . | . . . Self-Inflicted Damage 9 | . . 9 Shots 1 | . . 1 Rammed 1 | . 1 . Targets Rammed 1 | . 1 . Kicked . | . . . Crushed . | . . . Highest Temperature 353 | 50 353 24 Average Temperature 69 | 26 103 8 Received Heat Transfer 333 | . 129 204 Effects 1 | . 1 . Matter Decay 1 | . 1 . Siege Activations . | . . . Martial Activations . | . . . Shielding Activations . | . . . Robots Disrupted . | . . . Combat Hostiles . | . . . Robots Corrupted . | . . . Combat Hostiles . | . . . Parts Fried . | . . . Impact Corruptions . | . . . Robots Melted . | . . . Combat Hostiles . | . . . Parts Melted 6 | . 4 2 Heat Transferred 2775 | 222 1369 1184 Parts Sabotaged . | . . . Parts Stolen . | . . . Parts Stripped . | . . . Power Chain Reactions . | . . . Alert | -11 -10 -10 ------- Run | Yrd Mat Sub Maximum Alert Level . | . . . Low Security (%) 100 | 100 100 . Level 1 . | . . . Level 2 . | . . . Level 3 . | . . . Level 4 . | . . . Level 5 . | . . . High Security . | . . . Max Security . | . . . Peak Influence 121 | 5 121 . Initial 3 | . 3 . Average 29 | 1 32 . Influence Increases 365 | 15 240 110 Destroy 0b10 Robot/C 240 | . 140 100 Destroy 0b10 Robot/NC 40 | 15 25 . Destroy Leader 44 | . 34 10 Successful Hack 9 | . 9 . Destroy Structure 17 | . 17 . Partial Spotted 15 | . 15 . Influence Decreases 365 | 10 170 185 Entered New Map 39 | . 2 37 Time Decay 296 | 10 158 128 Lost Part 30 | . 10 20 Squads Dispatched . | . . . Investigation . | . . . Extermination . | . . . Reinforcement . | . . . Assault . | . . . Garrison . | . . . Intercept . | . . . Searches Triggered . | . . . Construction Impeded . | . . . Haulers Reinforced . | . . . Active Scanning Responses . | . . . Cargo Convoy Interrupts . | . . . Stealth | -11 -10 -10 --------- Run | Yrd Mat Sub Distress Signals 1 | . 1 . Communications Jammed . | . . . Distress Signals . | . . . Times Spotted 20 | . 10 10 Peak Tracking Total 5 | . 5 3 Tactical Retreats . | . . . Traps | -11 -10 -10 ------- Run | Yrd Mat Sub Traps Triggered 1 | . 1 . Indirectly . | . . . Trap Hack Attempts . | . . . Triggered . | . . . Disarmed . | . . . Reprogrammed . | . . . Reused . | . . . Traps Extracted . | . . . Installed . | . . . Triggered . | . . . Machines | -11 -10 -10 ---------- Run | Yrd Mat Sub Machines Disabled 2 | . 1 1 Max in Single Turn 1 | . 1 1 Machines Repaired . | . . . Machines Dismantled . | . . . Machines Sabotaged . | . . . Overloaded Fab Kills . | . . . Hacking | -11 -10 -10 --------- Run | Yrd Mat Sub Machines Accessed 8 | . 7 1 Terminals 6 | . 6 . Fabricators . | . . . Repair Stations . | . . . Recycling Units 1 | . 1 . Scanalyzers . | . . . Garrison Access . | . . . Total Hacks 19 | . 18 1 Successful 12 | . 11 1 Failed 6 | . 6 . Catastrophic . | . . . Database Lockouts 1 | . 1 . Manual 16 | . 16 . Terminals 17 | . 17 . Fabricators . | . . . Repair Stations . | . . . Recycling Units 1 | . 1 . Scanalyzers . | . . . Garrison Access . | . . . Terminal Hacks 5 | . 4 1 Robot Analysis 1 | . 1 . Locate Traps 1 | . 1 . Hauler Manifests 1 | . 1 . Registered Components 1 | . 1 . Proto ID Catalog 1 | . . 1 Fabricator Hacks . | . . . Repair Station Hacks . | . . . Recycling Unit Hacks . | . . . Scanalyzer . | . . . Garrison Access Hacks . | . . . Unauthorized Hacks 5 | . 5 . Terminals 5 | . 5 . Track 1 | . 1 . Botnet 4 | . 4 . Fabricators . | . . . Repair Stations . | . . . Recycling Units . | . . . Scanalyzers . | . . . Garrison Access . | . . . Data Cores Recovered . | . . . Used . | . . . Hacking Detections 5 | . 5 . Full Trace Events . | . . . Feedback Events . | . . . Feedback Blocked . | . . . Robot Schematics Acquired . | . . . Robots Built . | . . . Authchips . | . . . Time . | . . . Total Robot Build Rating . | . . . Part Schematics Acquired . | . . . Parts Built . | . . . Authchips . | . . . Time . | . . . Total Part Build Rating . | . . . Parts Repaired . | . . . Time . | . . . Parts Recycled . | . . . Recycled Matter . | . . . Retrieved Matter . | . . . Retrieved Components . | . . . Parts Scanalyzed . | . . . Part Schematics Acquired . | . . . Parts Damaged . | . . . Bothacking | -11 -10 -10 ------------ Run | Yrd Mat Sub Used RIF Installer . | . . . Robots Hacked . | . . . Non-combat . | . . . Combat . | . . . Robot Hacks Applied . | . . . Relay Couplers Released . | . . . Fabnet Peak Effective % . | . . . Robots Rewired . | . . . Allies Hacked . | . . . Hacks Repelled . | . . . Allies | -11 -10 -10 -------- Run | Yrd Mat Sub Total Allies . | . . . Largest Group . | . . . Highest-Rated Group . | . . . Highest-Rated Ally . | . . . Total Orders . | . . . Ally Attacks . | . . . Total Damage . | . . . Kills . | . . . Allies Corrupted . | . . . Allies Melted . | . . . Intel | -11 -10 -10 ------- Run | Yrd Mat Sub Active Infowar (turns) 966 | 12 892 62 Seismic 966 | 12 892 62 Robot Analysis Total 1 | . 1 . Derelict Logs Recovered . | . . . Drone Launches . | . . . Drone Recoveries . | . . . Exploration | -11 -10 -10 ------------- Run | Yrd Mat Sub Turns Passed 2013 | 97 946 970 Spaces Moved 1188 | 64 543 581 Core 1 | 1 . . Treads 243 | . 112 131 Legs . | . . . Wheels 944 | 63 431 450 Hover . | . . . Flight . | . . . Fastest Speed 50 | 50 95 110 Average Speed 122 | 90 110 136 Slowest Speed 240 | 95 160 240 Overloaded Moves . | . . . Propulsion Burnouts . | . . . Robots Hopped . | . . . Potential Cave-ins . | . . . Cave-ins Triggered . | . . . Exploration Rate (%) 34 | 4 73 27 Regions Visited 2 Branch Regions 1 Pre-discovered Areas . | . . . Known Exits Taken . | . . . Unknown Exits Taken 2 | 1 1 . Scrap Searched 8 | . . 8 Spaces Dug . | . . . Terrain Destroyed 44 | . 34 10 Melee . | . . . Projectile . | . . . AOE 44 | . 34 10 Terrain Rammed . | . . . Walls Destroyed . | . . . Machines Disabled . | . . . Actions | -11 -10 -10 --------- Run | Yrd Mat Sub Total 1584 | 88 815 681 Wait 222 | . 206 16 Move 1186 | 63 542 581 Hop . | . . . Pick Up 30 | 8 12 10 Fast Attach 11 | 8 2 1 Attach 9 | . 1 8 Detach 2 | 1 . 1 Swap 16 | 1 4 11 Drop 15 | 1 6 8 Fire 89 | 6 41 42 Melee 3 | . . 3 Ram . | . . . Kick . | . . . Crush 1 | . 1 . Escape Stasis . | . . . Rewire . | . . . Trap . | . . . Miscellaneous . | . . . Route ------- -11/Scrapyard -10/Materials (discovered 5 exits: [*Mat x2] / [*Min x2] / *Sub) -10/Subcaves History --------- Turn | Location | Event 17 | -11/Scrapyard | Discovered new exit (range 15) 98 | -11/Scrapyard | Entered Materials 148 | -10/Materials | Discovered new exit (range 16) 201 | -10/Materials | Discovered new exit (range 3) 304 | -10/Materials | Build established: Mutant 377 | -10/Materials | Central database locked down 838 | -10/Materials | Discovered new exit (range 13) 958 | -10/Materials | Discovered new exit (range 7) 1022 | -10/Materials | Discovered new exit (range 5) 1044 | -10/Materials | Entered Subcaves 1045 | -10/Subcaves | Approached by a straggling Scientist 1130 | -10/Subcaves | A swath of the cavern ceiling suddenly collapsed 1183 | -10/Subcaves | Core integrity fell below 50% 1362 | -10/Subcaves | Core integrity fell below 20% 1608 | -10/Subcaves | Lost 3 parts (1n1u1w) 1749 | -10/Subcaves | Visited 4L-MR0's lab 1774 | -10/Subcaves | Found Cargo Legs 2013 | -10/Subcaves | Disturbed a concealed Subdweller 2014 | -10/Subcaves | Destroyed by 71-3V9(R) with Subdweller Machine Gun Last Messages --------------- 01774_ Acquired Cargo Legs. 01782_ 4L-MR0 mumbles: "I'm surprised some of them are even willing to come in here given their fear of my usual visitors." 01792_ Acquired 20 matter. 01994_ Searching scrap... 01994_ Found Riot Gun. 01994_ Found 59 Matter. 01997_ Searching scrap... 01997_ Found Battle Cannon. 01997_ Found 30 Matter. 02000_ Dropped Med. Laser. 02001_ Acquired Battle Cannon. 02007_ Searching scrap... 02007_ Found Battle Rifle. 02007_ Found Spk. Treads. 02007_ Found 33 Matter. 02008_ Acquired 10 matter. 02012_ Dropped Lgt. Treads. 02013_ 71-3V9(R) angrily emerges from the Twisted Machinery. 02013_ 71-3V9(R) knocked back. Map ----- +----------------------------------------------------+ | ????????????????????????????????????????? | | ????????????????????????????????????????? | | ????????????????????????????????????????? | | ????????????????????????????????????????? | | ????????????????????????????????????????? | | ????????????????????????????????????????? | | ????????????????????????????????????????? | | ????????????????????????????????????????? | | ????????????????????????????????????????? | | ????????????????????????????????????????? | | ????????????????????????????????????????? | | ??????????????????? ????????????????????? | | ??????????????????# ???????????????????? | | ?????????????????? #??????????????????? | | ??????????????????# ???? ??????????? | | ??????????????????# ???? ????????? | | ?????????????????? ???? ???????? | | ??????????????????# ???? ??????? | | ??????????????????# ???? ??????? | | ??????????????????# ???? ??????? | | ??????????????????? ???? ???????? | | ??????????????????? #??? #????????? | | ??????????????###### ### #?????????? | | ??????????????#[$## #?????????? | | ??????????????#%&<##< ## #?????????? | | ??????????????##@ R[ #??## #?????????? | | ??????????????#[ #%#< #### #?????????? | | ??????????????# %### #??????????? | | ??????????????##### ##??????????? | | ??????????????????# #???????????? | | ??????????????????## #???????????? | | ???????????????????## ###?????????? | | ????????????????????## ##????????? | | ?????????????????????# ##???????? | | ?????????????????????### #### ##??????? | | ???????????????????????###??## ####???? | | ?????????????????????????????## ####? | | ?????????????????###????######## ## | | ?????????????????# ##### ### # | | ?????????????????# ## ## # | | ?????????????????# ## # | | ?????????????????## ## ##?? # | | ??????????????????# ### ##???? # | | ??????????????????# #### #?????## | | ???????????????#### ### #?? ? | | ???????????????# #### ##?? ## | | ???????????????# #?#####??? # | | ???????????????# ### #????????? ? | | ???????????????# ##?# ###???????# "## | | ???????????????# ### ####????# ""# | +----------------------------------------------------+ Best States ------------- Heat Dissipation 25 Energy Generation 10 Energy Capacity 250 Matter Stores 300 Matter Capacity 300 Sight Range 16 Terrain Scan Density 10 Armor Coverage 150 Evasion (%) 44 Recoil Reduction 2 Item Schematics ----------------- None Robot Schematics ------------------ None Fabricated ------------ Nothing Repaired ---------- Nothing Alien Tech Used ----------------- None Achievements -------------- None Challenges ------------ None Game ------ Seed DispersionElectronBeamcaster Manual? 0 Play Time 00:18:59 Cumulative 148.3 hours Start 2025.05.13 @ 13:09:03 End 2025.05.13 @ 15:42:03 Sessions 1 Manual Loads 0 Difficulty Rogue Special Mode None Game No. 102 Rogue 102 Adventurer 0 Explorer 0 Win Type - Total 6 Types 5/0/1/0/0/0/0/0/0/0 Lore% 60 Gallery% 56 Achievement% 52 Wizard Run 0 Options --------- Layout 0 ASCII 0 Keyboard 1 Movement Numpad Keybinds 0 Fullscreen 1 Font 24/Proggy Map View 76x56 Zoom Use 0% Tactical HUD 1 Map Filters NONE Filters NONE Steam 1 RUN: 5e394446-6c69-4766-83a1-e16e687b3e35